 Dungeon Crawl Stone Soup version 0.23-a0-4-g8f018a2 (webtiles) character file.

509 Gaball the Magician (level 6, -1/41 HPs)
             Began as a Mummy Ice Elementalist on July 31, 2018.
             Was an Initiate of Kikubaaqudgha.
             Slain by a centaur
             ... wielding a +0 whip
              (9 damage)
             ... on level 5 of the Dungeon.
             The game lasted 00:16:06 (6609 turns).

Gaball the Magician (Mummy Ice Elementalist)        Turns: 6609, Time: 00:16:07

Health: -1/41      AC:  3    Str: 12    XL:     6   Next: 98%
Magic:  1/14       EV: 12    Int: 16    God:    Kikubaaqudgha [......]
Gold:   275        SH:  0    Dex: 12    Spells: 7/16 levels left

rFire    x . .     SeeInvis .   g - +0 dagger (speed)
rCold    + . .     Gourm    .   (no shield)
rNeg     + + +     Faith    .   a - +0 robe
rPois    ∞         Spirit   .   (no helmet)
rElec    .         Reflect  .   (no cloak)
rCorr    .         Harm     .   f - +0 pair of gloves
MR       .....                  (no boots)
Stlth    ++........             (no amulet)
HPRegen  0.13/turn              (no ring)
MPRegen  0.14/turn              (no ring)

@: about to teleport, very slightly contaminated
A: no food or potions, fire vulnerability, cold resistance 1, negative energy
resistance 3, torment resistance, unbreathing
a: Renounce Religion


You were on level 5 of the Dungeon.
You worshipped Kikubaaqudgha.
Kikubaaqudgha was noncommittal.
You were not hungry.

You visited 2 branches of the dungeon, and saw 6 of its levels.

You collected 275 gold pieces.

Inventory:

Hand Weapons
 g - a +0 dagger of speed (weapon)
Armour
 a - a +0 robe (worn)
 f - a +0 pair of gloves (worn)
Jewellery
 j - an uncursed ring of poison resistance
Wands
 l - a wand of random effects (34)
Scrolls
 b - 4 scrolls of enchant armour
 c - 4 scrolls of remove curse
 d - a scroll of identify
 e - a scroll of magic mapping
 h - 2 scrolls of teleportation
 i - a scroll of fog {unknown}
 k - a scroll of noise {unknown}


   Skills:
 - Level 1.5 Dodging
 - Level 1.5 Stealth
 + Level 5.8 Spellcasting
 - Level 0.7 Conjurations
 * Level 5.5 Ice Magic


You had 7 spell levels left.
You knew the following spells:

 Your Spells              Type           Power        Failure   Level  Hunger
a - Freeze                Ice            ###.         1%          1    N/A
b - Throw Icicle          Conj/Ice       ##......     36%         4    N/A
c - Summon Ice Beast      Ice/Summ       ##......     41%         4    N/A

Your spell library contained the following spells:

 Spells                   Type           Power        Failure   Level  Hunger
 Throw Frost              Conj/Ice       ##....       6%          2    N/A
 Ozocubu's Armour         Chrm/Ice       ##......     14%         3    N/A

Dungeon Overview and Level Annotations

Branches:
Dungeon (5/15)             Temple (1/1) D:4

Altars:
Dithmenos
Elyvilon
Fedhas
Gozag
Hepliaklqana
Kikubaaqudgha
Qazlal
Uskayaw
Wu Jian
Xom
Yredelemnul


Innate Abilities, Weirdness & Mutations

You do not eat or drink.
Your flesh is vulnerable to fire.
You are immune to poison.
Your flesh is cold resistant. (rC+)
You are immune to negative energy. (rN+++)
You are immune to unholy pain and torment.
You can survive without breathing.


Message History

The centaur misses you.
Unknown command.
Casting: Freeze (safe; 1% risk of failure)
Confirm with . or Enter, or press ? or * to list all spells.
Aiming: Freeze (safe; 1% risk of failure)
Press: ? - help, Shift-Dir - straight line, f/p - centaur
Aim: a centaur, wielding a whip (moderately wounded)
You freeze the centaur.
The centaur is heavily wounded.
The centaur hits you with an uncursed whip.
The centaur hits you with an uncursed whip!
Unknown command.
As you read the scroll of teleportation, it crumbles to dust.
You feel strangely unstable.
The centaur hits you with an uncursed whip!
* * * LOW HITPOINT WARNING * * *
The centaur barely misses you.
The centaur hits you with an uncursed whip!
You die...
Kikubaaqudgha rasps: "You have failed me!
Welcome... oblivion!"

....###'# ...... .......
.....(. ........ #.# ###
......... #.# #.#
....#.#.####.# #.#
...........#.# #.#
....#.#.#.##.# #@#
........#.##.# #c#
........#.##.# #.#
....#...#.##.###.###.###
.......................#
...........#.#.#.#.#.###
........##...........
.......###).!....#.###
....#### #.#####.#.#


You could see a centaur.

Vanquished Creatures
  An ogre (D:4)
  A hound (D:4)
  An orc wizard (D:2)
  A gnoll (D:5)
  An adder (D:2)
  A worm (D:3)
  3 dart slugs
  5 leopard geckos
  6 orcs
  6 bats
  3 giant cockroaches
  4 goblins
  2 hobgoblins
  4 jackals (D:3)
  2 quokkas
  3 ball pythons
  4 frilled lizards
  5 kobolds
  A quokka skeleton (D:4)
  12 rats
66 creatures vanquished.

Vanquished Creatures (collateral kills)
  3 ogres
  A scorpion (D:5)
  4 orc priests
  A bullfrog skeleton (D:4)
  2 orc wizards (D:5)
  2 worker ants
  A hound zombie (D:5)
  2 gnolls (D:5)
  A leopard gecko (D:4)
  4 orcs
  A ball python (D:5)
  A giant cockroach (D:5)
  A frilled lizard (D:5)
24 creatures vanquished.

Grand Total: 90 creatures vanquished

Notes
Turn   | Place    | Note
-------+----------+-------------------------------------------
     0 | D:1      | Gaball the Mummy Ice Elementalist began the quest for the Orb.
     0 | D:1      | Reached XP level 1. HP: 13/13 MP: 4/4
   144 | D:1      | Reached XP level 2. HP: 19/19 MP: 3/6
   593 | D:1      | Reached XP level 3. HP: 22/24 MP: 5/8
  1417 | D:2      | Found a white marble altar of Elyvilon.
  1419 | D:2      | Found a hide-covered altar of Uskayaw.
  1470 | D:2      | Found a hazy altar of Hepliaklqana.
  1471 | D:2      | Found a blossoming altar of Fedhas.
  1474 | D:2      | Found a shimmering altar of Xom.
  1530 | D:2      | Found a basalt altar of Yredelemnul.
  1744 | D:2      | Reached XP level 4. HP: 20/30 MP: 1/10
  1818 | D:2      | Learned a level 4 spell: Throw Icicle
  1823 | D:2      | Learned a level 4 spell: Summon Ice Beast
  2711 | D:4      | Found a staircase to the Ecumenical Temple.
  2716 | Temple   | Entered the Ecumenical Temple
  2775 | Temple   | Became a worshipper of Kikubaaqudgha
  2888 | D:4      | Reached XP level 5. HP: 33/35 MP: 4/11
  2954 | D:4      | Noticed an ogre
  2970 | D:4      | Killed an ogre
  2971 | D:4      | Noticed an ogre
  2976 | D:4      | Killed an ogre
  3340 | D:4      | Reached skill level 5 in Spellcasting
  3622 | D:4      | Reached XP level 6. HP: 18/41 MP: 5/13
  3998 | D:4      | Noticed a spatial vortex
  4219 | D:4      | Reached skill level 5 in Ice Magic
  4655 | D:5      | Entered Level 5 of the Dungeon
  4707 | D:5      | Noticed an ice beast
  4847 | D:5      | HP: 2/41 [centaur/arrow (7)]
  6609 | D:5      | Slain by a centaur

Vault maps used:
D:1:      dpeg_arrival_pond
D:2:      nicolae_overflow_hidden_temple, marbit_many_paths,
          minmay_rat_gold_closets
D:3:      minmay_misc_feat_chi
D:4:      temple_doors_ab, first_ration
D:5:      serial_bayou_lagoon_a, minmay_misc_feat_alley
Temple:   minmay_temple_forest_path

Skill      XL: |  1  2  3  4  5  6 |
---------------+-------------------+-----
Spellcasting   | 3 4 5 |  5.8
Ice Magic      | 3 4 5 |  5.5
Dodging        | |  1.5
Stealth        | |  1.5
Conjurations   | |  0.7

Action                   |  1- 3 |  4- 6 || total
-------------------------+-------+-------++-------
Melee: Unarmed           |     5 |       ||     5
       Dagger            |    25 |    51 ||    76
 Cast: Freeze            |    60 |    47 ||   107
       Summon Ice Beast  |       |    31 ||    31
  Use: Scroll            |       |     7 ||     7
 Stab: Sleeping          |     2 |       ||     2
Armor: Robe              |    15 |    17 ||    32
Dodge: Dodged            |    36 |    40 ||    76

Table legend:
 A = Spawn XP
 B = Non-spawn XP
 C = Spawn XP percentage of total XP
 D = Spawn monster count
 E = Non-spawn monster count
 F = Spawn count percentage of total count
 G = Total turns spent on level
                    A         B        C        D         E        F      G
               +---------+---------+-------+---------+---------+-------+---------
         Total |       0 |     728 |   0.0 |       0 |      90 |   0.0 |  6609
               +---------+---------+-------+---------+---------+-------+---------
           D:1 |       0 |      41 |   0.0 |       0 |      21 |   0.0 |   821
           D:2 |       0 |      73 |   0.0 |       0 |      16 |   0.0 |  1310
           D:3 |       0 |      49 |   0.0 |       0 |      23 |   0.0 |   464
           D:4 |       0 |     346 |   0.0 |       0 |      15 |   0.0 |  3027
           D:5 |       0 |     219 |   0.0 |       0 |      15 |   0.0 |   852
               +---------+---------+-------+---------+---------+-------+---------
